 Dungeon Crawl Stone Soup version 0.31.0-11-ge490571c62 (webtiles) character file.

Game seed: 6071119125906082647

22861 qw the Crack Shot (level 12, -3/64 (68) HPs)
             Began as a Deep Elf Hunter on Feb 3, 2024.
             Was a High Priest of Okawaru.
             Slain by a hornet (9 damage)
             ... on level 2 of the Lair of Beasts.
             The game lasted 00:03:34 (9235 turns).

qw the Crack Shot (Deep Elf Hunter)                 Turns: 9235, Time: 00:03:34

HP:   -3/64 (68)    AC: 12    Str: 18    XL:     12   Next: 66%
MP:   16/21         EV: 18    Int: 16    God:    Okawaru [*****.]
Gold: 979           SH:  0    Dex: 24    Spells: 11/11 levels left

rFire   . . .        c - +5 triple crossbow (freeze)
rCold   + . .        (shield currently unavailable)
rNeg    . . .        g - +1 ring mail {rC+}
rPois   .            (no helmet)
rElec   .            e - +2 cloak
rCorr   .            (no gloves)
SInv    .            h - +2 pair of boots
Will    +....        s - amulet of faith
Stlth   ++           l - +6 ring of dexterity
HPRegen 0.30/turn    n - +6 ring of strength
MPRegen 0.17/turn

%: faith
@: lethally poisoned (-3 -> -15), about to teleport, finesse-ful, slowed,
drained, very slow
A: no striking features
a: Renounce Religion, Heroism, Finesse, Duel


You were on level 2 of the Lair of Beasts.
You worshipped Okawaru.
Okawaru was extremely pleased with you.
You visited 3 branches of the dungeon, and saw 14 of its levels.

You collected 979 gold pieces.


   Skills:
 + Level 5.5 Fighting
 - Level 21.0 Ranged Weapons
 - Level 2.0 Armour
 - Level 10.0 Dodging
 - Level 1.2 Stealth
 - Level 10.0 Invocations


You had 11 spell levels left.
You didn't know any spells.
Your spell library was empty.

Inventory:

Hand Weapons
 c - a +5 triple crossbow of freezing (weapon)
Armour
 e - a +2 cloak (worn)
 g - a +1 ring mail of cold resistance (worn)
 h - a +2 pair of boots (worn)
 m - the +1 cloak of Lightning Storm {Will+ Dex+4 Stlth+}
   (Okawaru gifted it to you on level 2 of the Lair of Beasts)

   Dex+4:     It affects your dexterity (+4).
   Will+:     It increases your willpower.
   Stlth+:    It makes you more stealthy.
 q - a +1 robe of resistance
Jewellery
 l - a +6 ring of dexterity (left hand)
 n - a +6 ring of strength (right hand)
 p - the amulet "Omuneusu" {Reflect ^Drain Str+3 SH+5 Stlth+}
   (You found it on level 5 of the Dungeon)

   [amulet of reflection]

   Reflect:   It reflects blocked missile attacks.
   Str+3:     It affects your strength (+3).
   ^Drain:    It drains your maximum health when unequipped.
   SH+5:      It affects your SH (+5).
   Stlth+:    It makes you more stealthy.
 s - an amulet of faith (around neck)
Wands
 b - a wand of mindburst (6)
 f - a wand of digging (14)
 j - a wand of paralysis (5)
 u - a wand of iceblast (14)
Scrolls
 d - a scroll of teleportation
Potions
 a - 2 potions of might
 i - 4 potions of heal wounds
 k - 3 potions of curing
 o - 2 potions of enlightenment
 r - 2 potions of mutation
 v - 3 potions of haste

Dungeon Overview and Level Annotations

Branches:
Dungeon (11/15)            Temple (1/1) D:5            Lair (2/5) D:11
    Orc (0/2) D:10
  Swamp: Lair:2-3    Shoals: Lair:2-3     Snake: Lair:2-3    Spider: Lair:2-3

Altars:
Ashenzari
Cheibriados
Dithmenos
Elyvilon
Fedhas
Gozag
Hepliaklqana
Kikubaaqudgha
Makhleb
Nemelex Xobeh
Okawaru
Qazlal
Ru
Sif Muna
Trog
Uskayaw
Vehumet
Wu Jian
Xom
Yredelemnul
Zin
The Shining One

Shops:
D:2 :

Portals:
Ice
Cave: D:11

Annotations:
D:4 3 runed translucent doors, qw's ghost, weakling SpHu


Message History

m - the +1 cloak of Lightning Storm {Will+ Dex+4 Stlth+} You see here a +3 longbow of flaming.
A hornet comes into view.
The hornet buzzes angrily.
You hear an angry buzzing noise.
Things that are here:
14 gold pieces; a hornet corpse You shoot a bolt.
The bolt hits the hornet.
The bolt freezes the hornet.
The hornet is lightly wounded.
You shoot a bolt. The bolt hits the hornet.
The bolt freezes the hornet.
The hornet is lightly wounded.
The hornet barely misses you. The hornet stings you!
You are poisoned.
You suddenly lose the ability to move!
You feel very sick. The hornet stings you!
You are more poisoned.
You feel yourself slow down.
A hornet comes into view.
You can move again.
9232 ||| INVOKING Finesse.
You can now deal lightning-fast blows.
You feel yourself speed up.
You feel very sick.
The hornet closely misses you. x2; The hornet misses you.
You shoot a bolt. The bolt hits the hornet!
The bolt freezes the hornet.
The hornet is severely wounded.
You feel sick. The hornet stings you!
You feel yourself slow down.
You shoot a bolt. The bolt hits the hornet.
The bolt freezes the hornet.
The hornet is almost dead.
You feel very sick. The hornet stings you!
You are lethally poisoned!
You suddenly lose the ability to move!
You can move again.
9235 ||| READING 2 scrolls of teleportation.
As you read the scroll of teleportation, it crumbles to dust.
You feel strangely unstable.
You feel very sick. The hornet closely misses you. The hornet stings you!
You die...

....>.........
#.##....#.#...
#......####..
###......#...
###....###...
#####.#....####..
#.)...#....P# #..
##.##..#.....###..
#@#.##......P##...
#y#.##.......###.%
.#.#.#.......##...
#.
.#.##.....####.#
%#
#.#.#......###..
#. .#.#..........#
## #.##..........P
.#.#P.#......#
#........


You could see a hornet.

Vanquished Creatures
  A hydra (D:10)
  3 two-headed ogres
  Pikel (D:6)
  2 manticores (D:11)
  2 cyclopes
  A black mamba (Lair:1)
  A gargoyle (D:11)
  A kobold demonologist (D:11)
  Jeremiah (D:7)
  8 cane toads
  Maggie (Lair:1)
  2 komodo dragons (Lair:1)
  A troll (D:11)
  A polar bear (Lair:2)
  3 hornets
  Grinder (D:5)
  A shadow (D:9)
  A wraith (D:10)
  A wyvern (D:10)
  Eustachio (D:5)
  40 yaks
  3 basilisks (Lair:1)
  A steam dragon (D:8)
  6 water moccasins
  A sky beast (D:6)
  9 orc warriors
  An ice beast (D:5)
  An ogre (D:5)
  3 centaurs
  2 lemures (D:5)
  A phantom (D:6)
  3 kobold brigands
  Blork the orc (D:5)
  11 bullfrogs
  3 two-headed ogre simulacra (D:11)
  9 scorpions
  8 wights
  14 killer bees
  4 howler monkeys (D:7)
  4 hounds
  2 jellies
  A bombardier beetle (D:6)
  8 orc priests
  3 iron imps (D:3)
  11 orc wizards
  2 iguanas (D:5)
  8 gnolls
  6 adders
  A naga simulacrum (D:11)
  2 shadow imps
  A dart slug (D:1)
  50 orcs
  7 bats
  6 endoplasms
  5 giant cockroaches
  6 goblins
  2 hobgoblins
  5 quokkas
  7 ball pythons
  4 frilled lizards
  10 kobolds
  5 rats
311 creatures vanquished.

Vanquished Creatures (others)
  Maurice (D:8)
1 creature vanquished.

Grand Total: 312 creatures vanquished

Notes
Turn   | Place    | Note
-------+----------+-------------------------------------------
     0 | D:1      | qw the Deep Elf Hunter began the quest for the Orb.
     0 | D:1      | Reached XP level 1. HP: 12/12 MP: 3/3
     0 | D:1      | 0 ||| qw: Version: 0.3-a-155-g5e7d8dd
     0 | D:1      | 0 ||| qw: Game counter: 3177
     0 | D:1      | 0 ||| qw: Melee chars always use a shield: true
     0 | D:1      | 0 ||| qw: God list: Okawaru
     0 | D:1      | 0 ||| qw: Allow faded altars: false
     0 | D:1      | 0 ||| qw: Do Orc after clearing Dungeon:15 true
     0 | D:1      | 0 ||| qw: Do second Lair branch before Depths: true
     0 | D:1      | 0 ||| qw: Lair rune preference: random
     0 | D:1      | 0 ||| qw: Goals: Normal
     0 | D:1      | 0 ||| PLANNING D:1-11
   147 | D:1      | Reached XP level 2. HP: 16/16 MP: 4/4
   253 | D:1      | Reached skill level 6 in Ranged Weapons
   289 | D:1      | You fall into a shaft and drop 1 floor!
   290 | D:2      | 290 ||| UPGRADING to +0 cloak.
   295 | D:2      | 295 ||| UPGRADING to +1 pair of boots.
   300 | D:2      | 300 ||| UPGRADING to +6 ring of dexterity.
   301 | D:2      | 301 ||| READING scroll labelled PELAOF XICLURPH.
   302 | D:2      | 302 ||| READING 2 scrolls labelled KIMEXE NALLO.
   302 | D:2      | 302 ||| ENCHANTING +0 shortbow.
   303 | D:2      | 303 ||| READING scroll of enchant weapon.
   303 | D:2      | 303 ||| ENCHANTING +1 shortbow.
   304 | D:2      | 304 ||| DROPPING scroll of butterflies.
   306 | D:2      | 306 ||| FLEEEEING.
   307 | D:2      | 307 ||| FLEEEEING.
   311 | D:2      | 311 ||| STAIRDANCE
   574 | D:1      | 574 ||| READING scroll labelled DODDUTTUXYS.
   575 | D:1      | 575 ||| DRINKING 3 fuming white potions.
   804 | D:2      | Identified the +2 whip "Transmigrator" {vamp, rF- Str+3
                  | Int+3}
   842 | D:2      | Reached XP level 3. HP: 20/20 MP: 5/5
  1091 | D:2      | 1091 ||| READING scroll of enchant weapon.
  1091 | D:2      | 1091 ||| ENCHANTING +2 shortbow.
  1097 | D:2      | Found Oniaps's Book Boutique.
  1131 | D:2      | Reached skill level 7 in Ranged Weapons
  1237 | D:2      | 1237 ||| UPGRADING to +1 ring mail of cold resistance.
  1247 | D:2      | 1247 ||| DROPPING +0 leather armour.
  1248 | D:2      | 1248 ||| READING scroll labelled KIATWA NULON.
  1248 | D:2      | Identified a scroll of acquirement
  1248 | D:2      | 1248 ||| ACQUIRING +3 triple crossbow of freezing
  1248 | D:2      | Acquired a +3 triple crossbow of freezing
  1250 | D:2      | 1250 ||| SWAPPING to +3 triple crossbow of freezing.
  1251 | D:2      | 1251 ||| DROPPING +3 shortbow.
  1252 | D:2      | 1252 ||| DRINKING 2 golden potions.
  1324 | D:3      | Reached XP level 4. HP: 25/25 MP: 6/6
  1453 | D:3      | Reached skill level 8 in Ranged Weapons
  1454 | D:3      | Reached skill level 3 in Dodging
  1454 | D:3      | Reached XP level 5. HP: 29/29 MP: 7/7
  1456 | D:3      | Found a burning altar of Makhleb.
  1588 | D:3      | Found a broken altar of Ashenzari.
  1783 | D:3      | 1783 ||| READING scroll labelled IDUDUENOATZ.
  1784 | D:3      | 1784 ||| DRINKING 2 fizzy coppery potions.
  1812 | D:4      | 1812 ||| READING scroll of enchant weapon.
  1812 | D:4      | 1812 ||| ENCHANTING +3 triple crossbow of freezing.
  1847 | D:4      | Reached skill level 9 in Ranged Weapons
  1942 | D:4      | Reached skill level 1 in Armour
  1942 | D:4      | Reached XP level 6. HP: 34/35 MP: 8/8
  2037 | D:4      | Found a runed translucent gate.
  2037 | D:4      | Found a runed translucent gate.
  2037 | D:4      | Found a runed translucent gate.
  2070 | D:4      | Noticed qw's ghost (weakling SpHu)
  2071 | D:4      | 2071 ||| READING scroll labelled BIUJ QIMOANNATZ.
  2092 | D:4      | Noticed a fire elemental
  2093 | D:4      | Found a stormy altar of Qazlal.
  2095 | D:4      | Noticed a water elemental
  2095 | D:4      | Noticed an air elemental
  2259 | D:4      | Found a basalt altar of Yredelemnul.
  2372 | D:4      | 2372 ||| READING scroll labelled SOKLAN ERUA.
  2387 | D:5      | Entered Level 5 of the Dungeon
  2393 | D:5      | 2393 ||| STAIRDANCE
  2475 | D:5      | Noticed Eustachio
  2476 | D:5      | 2476 ||| DRINKING 2 potions of haste.
  2480 | D:5      | Killed Eustachio
  2481 | D:5      | Reached skill level 10 in Ranged Weapons
  2481 | D:5      | Reached XP level 7. HP: 40/40 MP: 9/9
  2493 | D:5      | Found a hazy altar of Hepliaklqana.
  2660 | D:5      | Reached skill level 11 in Ranged Weapons
  2700 | D:5      | Found an ornate altar of the Wu Jian Council.
  2709 | D:5      | Noticed Grinder
  2711 | D:5      | 2711 ||| DRINKING potion of haste.
  2715 | D:5      | Paralysed by Grinder for 2 turns
  2718 | D:5      | Killed Grinder
  2719 | D:5      | Reached skill level 12 in Ranged Weapons
  2719 | D:5      | Reached XP level 8. HP: 44/44 MP: 10/10
  2816 | D:5      | Found a staircase to the Ecumenical Temple.
  2817 | D:5      | 2817 ||| PLANNING TEMPLE
  2817 | D:5      | 2817 ||| READING 2 scrolls labelled IKHYNNYNOC.
  2818 | D:5      | 2818 ||| DROPPING scroll of blinking.
  2826 | D:5      | Reached skill level 3 in Fighting
  2831 | Temple   | Entered the Ecumenical Temple
  2832 | Temple   | 2832 ||| PLANNING OKAWARU WORSHIP
  2851 | Temple   | Became a worshipper of Warmaster Okawaru
  2852 | Temple   | 2852 ||| PLANNING D:1-11
  3058 | D:5      | Identified the amulet "Omuneusu" {Reflect ^Drain Str+3 SH+5
                  | Stlth+}
  3166 | D:5      | Noticed Blork the orc
  3170 | D:5      | Killed Blork the orc
  3377 | D:5      | 3377 ||| UPGRADING to amulet "Omuneusu" {Reflect ^Drain
                  | Str+3 SH+5 Stlth+}.
  3382 | D:5      | 3382 ||| READING scroll labelled HICRYKK SUPT.
  3382 | D:5      | 3382 ||| IDENTIFYING glowing white potion
  3383 | D:5      | 3383 ||| READING 3 scrolls labelled FOEDAK MOMNETI.
  3484 | D:5      | 3484 ||| DROPPING 2 scrolls of vulnerability.
  3499 | D:6      | Noticed Pikel
  3500 | D:6      | 3500 ||| STAIRDANCE
  3502 | D:5      | 3502 ||| RETREEEEATING.
  3503 | D:5      | 3503 ||| RETREEEEATING.
  3504 | D:5      | 3504 ||| RETREEEEATING.
  3505 | D:5      | 3505 ||| RETREEEEATING.
  3506 | D:5      | 3506 ||| RETREEEEATING.
  3507 | D:5      | 3507 ||| RETREEEEATING.
  3508 | D:5      | 3508 ||| RETREEEEATING.
  3509 | D:5      | 3509 ||| RETREEEEATING.
  3606 | D:6      | Killed Pikel
  3606 | D:6      | Reached * piety under Okawaru
  3607 | D:6      | Reached skill level 13 in Ranged Weapons
  3621 | D:6      | 3621 ||| RETREEEEATING.
  3622 | D:6      | 3622 ||| RETREEEEATING.
  3625 | D:6      | 3625 ||| RETREEEEATING.
  3626 | D:6      | 3626 ||| RETREEEEATING.
  3627 | D:6      | 3627 ||| RETREEEEATING.
  3628 | D:6      | 3628 ||| RETREEEEATING.
  3629 | D:6      | 3629 ||| RETREEEEATING.
  3631 | D:6      | Reached skill level 1 in Invocations
  3632 | D:6      | Reached XP level 9. HP: 39/50 MP: 10/12
  3635 | D:6      | Reached skill level 6 in Dodging
  3846 | D:6      | Reached skill level 14 in Ranged Weapons
  3846 | D:6      | Reached skill level 3 in Invocations
  3903 | D:6      | Reached ** piety under Okawaru
  4025 | D:6      | 4025 ||| READING 3 scrolls of identify.
  4025 | D:6      | 4025 ||| IDENTIFYING fuming puce potion
  4026 | D:6      | 4026 ||| READING 2 scrolls of identify.
  4026 | D:6      | 4026 ||| IDENTIFYING fizzy blue potion
  4027 | D:6      | 4027 ||| READING scroll of identify.
  4027 | D:6      | 4027 ||| IDENTIFYING emerald potion
  4028 | D:6      | 4028 ||| READING scroll labelled JAITOX FAKK.
  4029 | D:6      | 4029 ||| DRINKING 2 viscous yellow potions.
  4030 | D:6      | 4030 ||| DROPPING potion of degeneration.
  4031 | D:6      | 4031 ||| DROPPING potion of attraction.
  4032 | D:6      | 4032 ||| DROPPING wand of flame (52).
  4033 | D:6      | 4033 ||| DROPPING potion of invisibility.
  4250 | D:7      | HP: 9/48 [poisoned by a kobold brigand]
  4251 | D:7      | 4251 ||| READING scroll of teleportation.
  4252 | D:7      | 4252 ||| DRINKING 2 potions of heal wounds.
  4254 | D:7      | Reached skill level 15 in Ranged Weapons
  4256 | D:7      | HP: 11/50 [poisoned by a kobold brigand]
  4261 | D:7      | HP: 8/50 [poisoned by a kobold brigand]
  4528 | D:7      | Found a flagged portal.
  4608 | D:7      | Noticed Jeremiah
  4609 | D:7      | 4609 ||| INVOKING Heroism.
  4634 | D:7      | Killed Jeremiah
  5003 | D:7      | 5003 ||| READING scroll of identify.
  5003 | D:7      | 5003 ||| IDENTIFYING puce potion
  5004 | D:7      | 5004 ||| DROPPING potion of brilliance.
  5032 | D:8      | Noticed Maurice
  5033 | D:8      | 5033 ||| INVOKING Heroism.
  5037 | D:8      | Something stole 166 gold
  5038 | D:8      | Killed Maurice
  5039 | D:8      | Reached XP level 10. HP: 53/58 MP: 13/15
  5222 | D:8      | Noticed a cyclops
  5225 | D:8      | 5225 ||| INVOKING Heroism.
  5227 | D:8      | Killed a cyclops
  5228 | D:8      | Reached skill level 16 in Ranged Weapons
  5444 | D:8      | 5444 ||| RETREEEEATING.
  5446 | D:8      | 5446 ||| RETREEEEATING.
  5448 | D:8      | 5448 ||| RETREEEEATING.
  5451 | D:8      | 5451 ||| RETREEEEATING.
  5454 | D:8      | Reached *** piety under Okawaru
  5459 | D:8      | Reached skill level 17 in Ranged Weapons
  5704 | D:8      | 5704 ||| READING scroll of enchant weapon.
  5704 | D:8      | 5704 ||| ENCHANTING +4 triple crossbow of freezing.
  5888 | D:8      | 5888 ||| READING scroll labelled FIANUUGIALLU.
  5888 | D:8      | 5888 ||| ENCHANTING +1 pair of boots.
  5903 | D:9      | 5903 ||| STAIRDANCE
  6096 | D:9      | Noticed a cyclops
  6097 | D:9      | 6097 ||| INVOKING Heroism.
  6100 | D:9      | Killed a cyclops
  6286 | D:9      | 6286 ||| RETREEEEATING.
  6288 | D:9      | 6288 ||| RETREEEEATING.
  6290 | D:9      | 6290 ||| RETREEEEATING.
  6292 | D:9      | 6292 ||| RETREEEEATING.
  6294 | D:9      | 6294 ||| RETREEEEATING.
  6299 | D:9      | Reached **** piety under Okawaru
  6300 | D:9      | Reached skill level 18 in Ranged Weapons
  6307 | D:9      | Reached XP level 11. HP: 51/62 MP: 16/16
  6308 | D:9      | Noticed a two-headed ogre
  6312 | D:9      | 6312 ||| INVOKING Finesse.
  6314 | D:9      | Killed a two-headed ogre
  6424 | D:9      | Noticed a two-headed ogre
  6425 | D:9      | 6425 ||| INVOKING Finesse.
  6427 | D:9      | Killed a two-headed ogre
  6428 | D:9      | Reached skill level 6 in Invocations
  6596 | D:9      | 6596 ||| UPGRADING to +6 ring of strength.
  6597 | D:9      | 6597 ||| READING scroll labelled YCEUDI DADUICOTH.
  6607 | D:10     | Entered Level 10 of the Dungeon
  6607 | D:10     | Noticed a two-headed ogre
  6608 | D:10     | 6608 ||| INVOKING Finesse.
  6609 | D:10     | 6609 ||| INVOKING Finesse.
  6612 | D:10     | Killed a two-headed ogre
  6613 | D:10     | Reached skill level 9 in Dodging
  6681 | D:10     | 6681 ||| INVOKING Finesse.
  6915 | D:10     | Noticed a four-headed hydra
  6916 | D:10     | 6916 ||| INVOKING Heroism.
  6919 | D:10     | Killed a four-headed hydra
  6956 | D:10     | Found a shadowy altar of Dithmenos.
  6960 | D:10     | Found a glowing golden altar of the Shining One.
  6960 | D:10     | Found an opulent altar of Gozag.
  7022 | D:10     | Found a snail-covered altar of Cheibriados.
  7042 | D:10     | Found a staircase to the Orcish Mines.
  7050 | D:10     | 7050 ||| READING scroll of enchant armour.
  7050 | D:10     | 7050 ||| ENCHANTING +0 cloak.
  7068 | D:10     | 7068 ||| RETREEEEATING.
  7069 | D:10     | 7069 ||| RETREEEEATING.
  7070 | D:10     | 7070 ||| RETREEEEATING.
  7071 | D:10     | 7071 ||| RETREEEEATING.
  7072 | D:10     | 7072 ||| RETREEEEATING.
  7085 | D:10     | 7085 ||| FLEEEEING.
  7086 | D:10     | 7086 ||| FLEEEEING.
  7087 | D:10     | 7087 ||| FLEEEEING.
  7088 | D:10     | 7088 ||| FLEEEEING.
  7089 | D:10     | 7089 ||| FLEEEEING.
  7090 | D:10     | 7090 ||| FLEEEEING.
  7091 | D:10     | 7091 ||| FLEEEEING.
  7092 | D:10     | 7092 ||| FLEEEEING.
  7093 | D:10     | 7093 ||| FLEEEEING.
  7094 | D:10     | 7094 ||| FLEEEEING.
  7095 | D:10     | 7095 ||| FLEEEEING.
  7096 | D:10     | 7096 ||| FLEEEEING.
  7097 | D:10     | 7097 ||| STAIRDANCE
  7102 | D:9      | 7102 ||| Stepping randomly (disturbance).
  7103 | D:9      | 7103 ||| Stepping randomly (disturbance).
  7104 | D:9      | 7104 ||| Stepping randomly (disturbance).
  7231 | D:9      | 7231 ||| DROPPING ring of resist corrosion.
  7232 | D:9      | 7232 ||| READING 2 scrolls of identify.
  7232 | D:9      | 7232 ||| IDENTIFYING bubbling emerald potion
  7233 | D:9      | 7233 ||| DROPPING potion of lignification.
  7238 | D:10     | 7238 ||| STAIRDANCE
  7434 | D:11     | 7434 ||| READING scroll of enchant armour.
  7434 | D:11     | 7434 ||| ENCHANTING +1 cloak.
  7502 | D:11     | 7502 ||| RETREEEEATING.
  7503 | D:11     | 7503 ||| RETREEEEATING.
  7512 | D:11     | Reached skill level 19 in Ranged Weapons
  7523 | D:11     | Reached ***** piety under Okawaru
  7733 | D:11     | Received a gift from Okawaru
  7902 | D:11     | Found a staircase to the Lair.
  7918 | D:11     | Found a frozen archway.
  8097 | D:11     | 8097 ||| PLANNING LAIR
  8135 | Lair:1   | Entered Level 1 of the Lair of Beasts
  8180 | Lair:1   | Reached XP level 12. HP: 68/68 MP: 20/20
  8197 | Lair:1   | 8197 ||| RETREEEEATING.
  8198 | Lair:1   | 8198 ||| RETREEEEATING.
  8226 | Lair:1   | Reached skill level 9 in Invocations
  8237 | Lair:1   | 8237 ||| RETREEEEATING.
  8240 | Lair:1   | 8240 ||| RETREEEEATING.
  8241 | Lair:1   | 8241 ||| RETREEEEATING.
  8244 | Lair:1   | 8244 ||| RETREEEEATING.
  8245 | Lair:1   | 8245 ||| INVOKING Finesse.
  8253 | Lair:1   | Reached skill level 20 in Ranged Weapons
  8341 | Lair:1   | 8341 ||| RETREEEEATING.
  8342 | Lair:1   | 8342 ||| RETREEEEATING.
  8343 | Lair:1   | 8343 ||| RETREEEEATING.
  8344 | Lair:1   | 8344 ||| RETREEEEATING.
  8345 | Lair:1   | 8345 ||| RETREEEEATING.
  8364 | Lair:1   | Noticed Maggie
  8365 | Lair:1   | Killed Maggie
  8893 | Lair:1   | 8893 ||| UPGRADING to amulet of faith.
  8903 | Lair:1   | 8903 ||| READING scroll of identify.
  8903 | Lair:1   | 8903 ||| IDENTIFYING 2 bubbling black potions
  9122 | Lair:2   | Reached skill level 21 in Ranged Weapons
  9212 | Lair:2   | Reached ****** piety under Okawaru
  9223 | Lair:2   | 9223 ||| INVOKING Receive Weapon.
  9223 | Lair:2   | 9223 ||| ACQUIRING +3 longbow of flaming
  9223 | Lair:2   | Acquired a +3 longbow of flaming
  9223 | Lair:2   | Received a gift from Okawaru
  9224 | Lair:2   | 9224 ||| INVOKING Receive Armour.
  9224 | Lair:2   | 9224 ||| ACQUIRING +1 cloak of Lightning Storm {Will+ Dex+4
                  | Stlth+}
  9224 | Lair:2   | Acquired the +1 cloak of Lightning Storm {Will+ Dex+4
                  | Stlth+}
  9224 | Lair:2   | Received a gift from Okawaru
  9230 | Lair:2   | Paralysed by a hornet for 2 turns
  9232 | Lair:2   | 9232 ||| INVOKING Finesse.
  9234 | Lair:2   | HP: 11/64 [hornet (12)]
  9234 | Lair:2   | Paralysed by a hornet for 1 turns
  9235 | Lair:2   | 9235 ||| READING 2 scrolls of teleportation.
  9235 | Lair:2   | Slain by a hornet

Levels and vault maps discovered:
D:1:      scummos_arrival_gate, layout_basic, chequers_jeans
D:2:      layout_loops_cross, serial_shops, shop, kennysheep_potato
D:3:      layout_rooms, evilmike_ruin_ashenzari, demons_altar
D:4:      layout_loops_ring, mainiacjoe_overflow_chevrons,
          nicolae_qazlal_style_of_elements, gammafunk_ghost_split
D:5:      layout_cave_pods, nzn_wu_jian_contemplation,
          mainiacjoe_overflow_small_starburst, minmay_temple_entry_large_hall,
          nrook_mini_backslash, uniq_blork_the_orc, uniq_grinder, uniq_eustachio
D:6:      layout_rooms, grunt_tough_drop, uniq_pikel
D:7:      layout_basic, enter_bailey_2, uniq_jeremiah
D:8:      layout_loops_ring, minmay_tree_intersection, uniq_maurice
D:9:      layout_rooms, minmay_sticks_and_stones
D:10:     layout_roguey, grunt_temple_overflow_open,
          minmay_orc_entry_temple_large
D:11:     layout_roguey, due_lair_maze_entry_diamond,
          portal_ice_cave_entry_ice_simulacra
Temple:   minmay_temple_bridge_abc
Lair:1:   layout_chaotic_city, grunt_megastairs_5, uniq_maggie
Lair:2:   lemuel_slime, layout_chaotic_city, dreamdust_wasp_nest, uniq_sonja

Skill      XL: |  1  2  3  4  5  6  7  8  9 10 11 12 |
---------------+-------------------------------------+-----
Ranged Weapons | 6 7 8 9 10 12 13 15 18 19 21 | 21.0
Dodging        | 3 4 5 7 8 9 10 | 10.0
Fighting       | 2 3 4 5 |  5.5
Armour         | 1 2 |  2.0
Invocations    | 1 4 8 10 | 10.0
Stealth        | |  1.2

Action                     |  1- 3 |  4- 6 |  7- 9 | 10-12 || total
---------------------------+-------+-------+-------+-------++-------
   Fire: Shortbow          |    71 |       |       |       ||    71
         Triple crossbow   |     9 |    71 |   126 |   340 ||   546
 Invoke: Heroism           |       |       |     2 |     3 ||     5
         Finesse           |       |       |       |     6 ||     6
         Receive Weapon    |       |       |       |     1 ||     1
         Receive Armour    |       |       |       |     1 ||     1
    Use: Scroll            |     6 |     4 |     9 |     8 ||    27
         Potion            |     2 |     2 |     3 |       ||     7
 Armour: Leather armour    |     6 |       |       |       ||     6
         Ring mail         |     1 |    11 |    37 |    82 ||   131
  Dodge: Dodged            |    17 |    13 |    39 |   113 ||   182
  Block: Other             |       |       |     8 |    34 ||    42
         Reflection        |       |       |     1 |     1 ||     2

Table legend:
 A = Non-vault XP
 B = Vault XP
 C = Vault XP percentage of total XP
 D = Non-vault monster count
 E = Vault monster count
 F = Vault count percentage of total count
                 A         B        C        D         E       F
            +---------+---------+-------+---------+---------+-------
      Total |   24117 |    8542 |  26.2 |     254 |      56 |  18.1
            +---------+---------+-------+---------+---------+-------
        D:1 |      27 |       0 |   0.0 |      16 |       0 |   0.0
        D:2 |      39 |       6 |  13.3 |      11 |       3 |  21.4
        D:3 |      74 |     122 |  62.2 |      24 |       3 |  11.1
        D:4 |     216 |       0 |   0.0 |      21 |       0 |   0.0
        D:5 |     919 |     575 |  38.5 |      18 |       3 |  14.3
        D:6 |     975 |     991 |  50.4 |      17 |       5 |  22.7
        D:7 |     996 |     400 |  28.7 |      18 |       1 |   5.3
        D:8 |    2472 |     509 |  17.1 |      26 |       1 |   3.7
        D:9 |    4394 |     595 |  11.9 |      27 |       5 |  15.6
       D:10 |    2608 |     870 |  25.0 |      12 |      13 |  52.0
       D:11 |    3489 |    1481 |  29.8 |      29 |      12 |  29.3
     Lair:1 |    6890 |    2424 |  26.0 |      30 |       8 |  21.1
     Lair:2 |    1018 |     569 |  35.9 |       5 |       2 |  28.6
            +---------+---------+-------+---------+---------+-------
